 Dungeon Crawl Stone Soup version 0.26-a0-778-g3fe0686644 (console) character file.

Game seed: 18349025958640891208

92 om the Shield-Bearer (level 4, -3/40 HPs)
             Began as a Minotaur Fighter on Nov 10, 2020.
             Was an Initiate of Gozag.
             Slain by a centaur (7 damage)
             ... on level 5 of the Dungeon.
             The game lasted 00:03:39 (1327 turns).

om the Shield-Bearer (Minotaur Fighter)             Turns: 1327, Time: 00:03:40

Health: -3/40      AC:  3    Str: 21    XL:     4   Next: 35%
Magic:  3/3        EV:  8    Int:  5    God:    Gozag
Gold:   174        SH:  9    Dex: 10    Spells: 3/3 levels left

rFire    . . .     SeeInvis .   a - +0 war axe
rCold    . . .     Faith    .   c - +0 kite shield
rNeg     . . .     Spirit   .   b - +0 scale mail
rPois    .         Reflect  .   (helmet restricted)
rElec    .         Harm     .   (no cloak)
rCorr    .         Rampage  .   (no gloves)
MR       .....                  (no boots)
Stlth    ..........             (no amulet)
HPRegen  0.13/turn              (no ring)
MPRegen  0.08/turn              (no ring)

@: mighty, lethally poisoned (-3 -> -11), corroded, gold aura, hasted, very
quick
A: retaliatory headbutt, horns 2
a: Potion Petition, Call Merchant, Bribe Branch, Renounce Religion


You were on level 5 of the Dungeon.
You worshipped Gozag.
Gozag was aware of your devotion.
You visited 1 branch of the dungeon, and saw 4 of its levels.

You collected 194 gold pieces.
You paid 20 gold pieces to Gozag.

Inventory:

Hand Weapons
 a - a +0 war axe (weapon)
Armour
 b - a +0 scale mail (worn)
 c - a +0 kite shield (worn)
Scrolls
 e - 5 scrolls of identify {unknown}
 g - a scroll of amnesia {unknown}
 h - a scroll of blinking {unknown}
 i - a scroll of noise {unknown}
 j - a scroll of teleportation {unknown}
 k - 2 scrolls of fog {unknown}
 m - a scroll of random uselessness {unknown}
Potions
 f - a potion of heal wounds {unknown}
 l - 2 potions of haste
 n - a potion of curing {unknown}


   Skills:
 - Level 4.0 Fighting
 + Level 3.8 Axes
 - Level 4.0 Armour
 + Level 2.4 Dodging
 - Level 4.0 Shields


You had 3 spell levels left.
You didn't know any spells.
Your spell library was empty.

Dungeon Overview and Level Annotations

Branches:
Dungeon (3/15)

Altars:
Cheibriados
Dithmenos
Gozag
Wu Jian
Xom


Innate Abilities, Weirdness & Mutations

You reflexively headbutt those who attack you in melee.
You have a pair of horns on your head.


Message History

The centaur is lightly wounded.
You hit the adder. You slash the ice beast! The centaur barely misses you.
The adder bites you.
You are poisoned.
The adder poisons you! You block the ice beast's attack.
You block the centaur's attack. The adder completely misses you.
The centaur hits you. The ice beast hits you. The ice beast freezes you!
* * * LOW HITPOINT WARNING * * *
It was a potion of haste.
You feel yourself speed up.
You feel sick. The adder bites you but does no damage.
The centaur becomes distracted by the nearby gold, dreaming of imaginary riches.
You block the ice beast's attack. The adder bites you.
* * * LOW HITPOINT WARNING * * *
You are lethally poisoned!
The adder poisons you!
You slash the centaur!
The centaur is no longer distracted by gold.
The centaur is severely wounded.
You barely miss the ice beast. You miss the adder.
* * * LOW HITPOINT WARNING * * *
You feel sick. The centaur hits you!
You die...
Your body crumbles into a pile of gold.

######
#....+
#.$c.#
#.@Y.#
$#S...#
##+####
.. ...
$ ##


You could see an ice beast, a centaur and an adder.

Vanquished Creatures
  A jelly (D:5)
  An adder (D:2)
  An ooze (D:2)
  2 worms (D:2)
  2 dart slugs
  A leopard gecko (D:2)
  3 orcs (D:3)
  A ball python (D:2)
  2 giant cockroaches (D:2)
  4 goblins
  6 hobgoblins
  2 jackals (D:1)
  2 bats
  2 frilled lizards
  2 kobolds
  5 rats (D:1)
37 creatures vanquished.

Notes
Turn   | Place    | Note
-------+----------+-------------------------------------------
     0 | D:1      | om the Minotaur Fighter began the quest for the Orb.
     0 | D:1      | Reached XP level 1. HP: 19/19 MP: 0/0
   116 | D:1      | Reached XP level 2. HP: 27/27 MP: 1/1
   746 | D:2      | Found an opulent altar of Gozag.
   766 | D:2      | Became a worshipper of Gozag Ym Sagoz the Greedy
   786 | D:2      | Reached skill level 1 in Dodging
   857 | D:2      | Found a snail-covered altar of Cheibriados.
   870 | D:2      | Reached XP level 3. HP: 28/33 MP: 2/2
   983 | D:2      | Found an ornate altar of the Wu Jian Council.
  1244 | D:2      | Found a shadowy altar of Dithmenos.
  1316 | D:3      | Found a shimmering altar of Xom.
  1319 | D:3      | Found a shimmering altar of Xom.
  1321 | D:3      | You fall into a shaft and drop 2 floors!
  1321 | D:5      | Entered Level 5 of the Dungeon
  1321 | D:5      | Noticed a centaur
  1322 | D:5      | Noticed an ice beast
  1324 | D:5      | Reached XP level 4. HP: 32/40 MP: 3/3
  1327 | D:5      | Slain by a centaur

Illustrated notes

Levels and vault maps discovered:
D:1:      dpeg_arrival_three_smaller_balls, layout_basic
D:2:      layout_basic, lemuel_crystal_altar, overflow_temple_1_default,
          nicolae_gozag_seed_capital, lemuel_tele_altar
D:3:      layout_loops_ring, nicolae_xom_altar_mimics,
          nicolae_overflow_hidden_temple, lemuel_doored_altar,
          roderic_roman_lattice
D:5:      minmay_clustersquares, layout_rooms, corexii_leaking_fountain,
          kennysheep_generic_room_3

Skill      XL: |  1  2  3 |
---------------+----------+-----
Dodging        | 1 2 |  2.4
Fighting       | 4 |  4.0
Shields        | 4 |  4.0
Armour         | 4 |  4.0
Axes           | 3 |  3.8

Action                   |  1- 3 |  4- 6 || total
-------------------------+-------+-------++-------
Melee: War axe           |    90 |     2 ||    92
       Headbutt          |    10 |       ||    10
  Use: Potion            |     1 |     1 ||     2
Armor: Scale mail        |    42 |     2 ||    44
Dodge: Dodged            |    33 |     2 ||    35
Block: Kite shield       |    56 |     4 ||    60

Table legend: (Time is in decaauts)
 A = Elapsed time spent in this place.
 B = Non-inter-level travel time spent in this place.
 C = Inter-level travel time spent in this place.
 D = Time resting spent in this place.
 E = Time spent auto-exploring this place.
 F = Levels seen in this place.
 G = Mean time per level.
                   A        B        C        D        E       F      G
               +--------+--------+--------+--------+--------+-----+--------+
         Total |   1365 |   1316 |     49 |     83 |    882 |   4 |  341.2 |
       Dungeon |   1365 |   1316 |     49 |     83 |    882 |   4 |  341.2 |
               +--------+--------+--------+--------+--------+-----+--------+

Top non-repeatable levels by time:
     D:1: 686 daAuts
     D:2: 629 daAuts
     D:3: 43 daAuts
     D:5: 6 daAuts
